 Dungeon Crawl Stone Soup version 0.28-a0-479-g5baa6b73be (webtiles) character file.

Game seed: 11485431620144588074

159 MasteOfDeath the Sneak (level 5, -30/31 HPs)
             Began as a Kobold Brigand on Sept 17, 2021.
             Was an Initiate of Dithmenos.
             Killed by an exploding orc (33 damage)
             ... ignited by their inner flame
             ... on level 4 of the Dungeon.
             The game lasted 00:13:13 (3989 turns).

MasteOfDeath the Sneak (Kobold Brigand)             Turns: 3989, Time: 00:13:14

Health: -30/31     AC:  4    Str:  8    XL:     5   Next: 68%
Magic:  5/5        EV: 13    Int: 13    God:    Dithmenos [......]
Gold:   184        SH:  0    Dex: 17    Spells: 4/4 levels left

rFire   . . .      SeeInvis .   o - +1 rapier (protect)
rCold   . . .      Faith    .   (shield restricted)
rNeg    . . .      Spirit   .   f - +0 leather armour
rPois   .          Reflect  .   (no helmet)
rElec   .          Harm     .   c - +0 cloak
rCorr   .          Rampage  .   (no gloves)
Will    .....                   (no boots)
Stlth   +++++.....              (no amulet)
HPRegen 0.10/turn               (no ring)
MPRegen 0.09/turn               (no ring)

@: no status effects
A: small, no large weapons, nightstalker 3
a: Renounce Religion


You were on level 4 of the Dungeon.
You worshipped Dithmenos.
Dithmenos was noncommittal.
You visited 2 branches of the dungeon, and saw 5 of its levels.

You collected 184 gold pieces.

Inventory:

Hand Weapons
 a - a +2 dagger of freezing
 o - a +1 rapier of protection (weapon)
Missiles
 d - 3 poisoned darts (quivered)
 e - 2 curare-tipped darts
 g - 7 boomerangs
Armour
 b - a +0 robe
 c - a +0 cloak (worn)
 f - a +0 leather armour (worn)
Jewellery
 j - a ring of resist corrosion
Scrolls
 h - a scroll of identify
Potions
 k - a potion of haste
 l - 2 potions of invisibility


   Skills:
 + Level 2.5 Fighting
 + Level 3.4 Short Blades
 + Level 2.7 Throwing
 + Level 0.5 Armour
 + Level 1.6 Dodging
 + Level 7.9 Stealth


You had 4 spell levels left.
You didn't know any spells.
Your spell library contained the following spells:

 Spells                   Type           Power      Damage    Failure   Level
 Dazzling Flash           Conj/Hex       0%         N/A       78%         3
 Iskenderun's Mystic Bla  Conj/Tloc      0%         2d3       99%         4
 Starburst                Conj/Fire      0%         6d3       100%        6


Dungeon Overview and Level Annotations

Branches:
Dungeon (4/15)             Temple (1/1) D:4

Altars:
Dithmenos
Gozag
Vehumet
Wu Jian


Innate Abilities, Weirdness & Mutations

You are small and have problems with some larger weapons.
You are completely attuned to the shadows.


Message History

The orc misses you. The orc wizard barely misses you.
You closely miss the orc wizard.
The orc wizard is heavily wounded.
The orc barely misses you.
The orc wizard hits you with a +0 dagger.
* * * LOW HITPOINT WARNING * * *
You hit the orc wizard.
The orc wizard is severely wounded.
The orc misses you.
The orc wizard hits you but does no damage.
You hit the orc wizard.
You kill the orc wizard!
Dithmenos accepts your kill. The orc completely misses you.
You closely miss the orc. The orc hits you with a +0 hand axe.
* * * LOW HITPOINT WARNING * * *
You are too injured to fight recklessly!
Throw: 5 darts (poison)
Press: ? - help, Q - select action, (/) - cycle Shift-Dir - straight line, f - orc
Aim: an orc, wielding a +0 hand axe and wearing a +0 leather armour (62% to hit)
You throw a poisoned dart. The poisoned dart hits the orc.
The orc is poisoned.
The orc barely misses you.
Throw: 4 darts (poison)
Press: ? - help, Q - select action, (/) - cycle Shift-Dir - straight line, f/p - orc
Aim: an orc, wielding a +0 hand axe and wearing a +0 leather armour (lightly wounded, poisoned, 62% to hit)
You throw a poisoned dart. The poisoned dart hits the orc.
The orc looks even sicker.
The orc is lightly wounded.
The orc hits you but does no damage.
It was a potion of cancellation.
You feel magically purged. The orc closely misses you.
As you read the scroll labelled VALYPL EFULUGY, it crumbles to dust.
The creatures around you are filled with an inner flame!
It was a scroll of immolation.
Flame seeps out of the orc.
The orc is engulfed in blazing flames.
Dithmenos accepts your kill.
The orc explodes!
The fiery explosion engulfs you!!
Ouch! That really hurt!
You die...

.#..#......# .......###.#
#..#..# #.# . #...†.# #.#
.. ..#...(## #.###.#.#.
.....(..###.##......
.####§#......#..#....
....§○#.#####........
####@§#.####...#.#..
########+.#..#...###.#
#..............###...##.+
#.........>..#........#..
#..............##..>..##.
#...........#...#........
#...........#...##...###.
#...........###..#.###...
#...........# ##.#.#...#.


There were no monsters in sight!

Vanquished Creatures
  An orc priest (D:4)
  A bullfrog skeleton (D:4)
  An orc wizard (D:4)
  An adder (D:2)
  A worm (D:4)
  4 dart slugs
  2 orcs
  7 ball pythons
  3 endoplasms
  3 giant cockroaches
  5 goblins
  5 hobgoblins
  3 jackals (D:1)
  A quokka (D:4)
  7 bats
  6 frilled lizards
  A kobold (D:2)
  7 rats
59 creatures vanquished.

Notes
Turn   | Place    | Note
-------+----------+-------------------------------------------
     0 | D:1      | MasteOfDeath the Kobold Brigand began the quest for the
                  | Orb.
     0 | D:1      | Reached XP level 1. HP: 12/12 MP: 1/1
   367 | D:1      | Reached XP level 2. HP: 17/17 MP: 2/2
   375 | D:1      | Reached skill level 6 in Stealth
   984 | D:2      | Reached XP level 3. HP: 21/21 MP: 3/3
  1191 | D:2      | Found a faded altar of an unknown god.
  2271 | D:3      | Reached XP level 4. HP: 26/26 MP: 4/4
  2708 | D:3      | Reached skill level 7 in Stealth
  3730 | D:4      | Found a staircase to the Ecumenical Temple.
  3750 | Temple   | Entered the Ecumenical Temple
  3789 | Temple   | Became a worshipper of Dithmenos the Shadowed
  3890 | D:4      | Reached XP level 5. HP: 30/31 MP: 5/5
  3909 | D:4      | Found an opulent altar of Gozag.
  3989 | D:4      | Killed by an exploding orc... ignited by their inner flame

Illustrated notes

Levels and vault maps discovered:
D:1:      amcnicky_arrival_choice, layout_loops_ring, grunt_decor_arrowhead,
          hangedman_glass_teeth, minmay_pentomino_p4
D:2:      layout_basic, ebering_ecumenical_altar_rust
D:3:      layout_basic
D:4:      layout_basic, grunt_gozag_breadcrumbs, minmay_temple_entry_slanted
Temple:   oiseaux_autumnal_temple

Skill      XL: |  1  2  3  4 |
---------------+-------------+-----
Stealth        | 6 7 |  7.9
Short Blades   | 3 |  3.4
Fighting       | |  2.5
Throwing       | |  2.7
Armour         | |  0.5
Dodging        | |  1.6

Action                   |  1- 3 |  4- 6 || total
-------------------------+-------+-------++-------
Melee: Dagger            |    47 |    36 ||    83
       Rapier            |       |    34 ||    34
Throw: Dart              |    11 |    11 ||    22
  Use: Scroll            |     6 |     5 ||    11
       Potion            |       |     2 ||     2
 Stab: Sleeping          |    21 |    16 ||    37
Armor: Robe              |     5 |       ||     5
       Leather armour    |       |    18 ||    18
Dodge: Dodged            |    11 |    32 ||    43

Table legend: (Time is in decaauts)
 A = Elapsed time spent in this place.
 B = Non-inter-level travel time spent in this place.
 C = Inter-level travel time spent in this place.
 D = Time resting spent in this place.
 E = Time spent auto-exploring this place.
 F = Levels seen in this place.
 G = Mean time per level.
                   A        B        C        D        E       F      G
               +--------+--------+--------+--------+--------+-----+--------+
         Total |   3975 |   3809 |    166 |    616 |   2774 |   5 |  795.0 |
       Dungeon |   3913 |   3773 |    140 |    616 |   2742 |   4 |  978.2 |
        Temple |     62 |     36 |     26 |      0 |     32 |   1 |   62.0 |
               +--------+--------+--------+--------+--------+-----+--------+

Top non-repeatable levels by time:
     D:2: 1289 daAuts
     D:3: 1123 daAuts
     D:1: 969 daAuts
     D:4: 530 daAuts
  Temple: 62 daAuts
